WCHLSIM.com - West Coast Hockey League
html PUBLIC "-//W3C//DTD XHTML 1.0 Transitional//EN" "http://www.w3.org/TR/xhtml1/DTD/xhtml1-transitional.dtd"> WCHL - Game 539 - LOS ANGELES SEALS vs LAS VEGAS LIZARD KINGS

LOS ANGELES SEALS vs LAS VEGAS LIZARD KINGS

Created - 29 décembre 2023 at 00:11

Goals
1 2 3 T
LOS ANGELES SEALS 0 3 0 3
LAS VEGAS LIZARD KINGS 1 0 0 1
Shots
1 2 3 T
LOS ANGELES SEALS 11 20 5 36
LAS VEGAS LIZARD KINGS 9 11 8 28

1st period

1. LAS VEGAS LIZARD KINGS , Johnny Gaudreau 20 (Joe Pavelski 30, Ryan Nugent-Hopkins 33) at 10:16 (PP)

Penalties :
Brandon Carlo (LOS) for Tripping (Minor) at 1:05, Noah Dobson (LOS) for Roughing (Minor) at 8:19

2nd period

2. LOS ANGELES SEALS , Jonathan Audy-Marchessault 6 (Mikael Backlund 13) at 1:00
3. LOS ANGELES SEALS , Matthew Boldy 10 (Mikael Backlund 14, Ben Chiarot 6) at 19:44
4. LOS ANGELES SEALS , Nikita Kucherov 18 (David Krejci 27) at 19:48

Penalties :
Carter Hart (LOS) for Slashing (Minor) at 15:22 - Nikita Kucherov served the penalty.

3rd period

No Goal

Penalties :
No Penalty

Goalie Stats

Carter Hart (LOS), 27 saves from 28 shots - (0,964), W, 19-10-0, 60:00 minutes
Sergei Bobrovsky (LVG), 33 saves from 36 shots - (0,917), L, 16-11-2, 60:00 minutes

Players Stats for LOS ANGELES SEALS

Player Name              G  A  P  +/- PIM S  H  SB GA TA FO     MP     PP MP  PK MP  
------------------------------------------------------------------------------------
Alex Goligoski           0  0  0   2  0   0  2  1  0  0  0/0    16:37   0:00   1:48 
Ben Chiarot              0  1  1   1  0   0  1  1  0  0  0/0    17:13   0:00   0:00 
Brandon Carlo            0  0  0   2  2   2  2  0  0  0  0/0    19:44   0:00   2:03 
Claude Giroux            0  0  0   1  0   4  0  0  0  0  0/0    17:55   0:00   0:00 
David Krejci             0  1  1   1  0   0  0  0  0  0  12/24  17:55   0:00   0:00 
Drew Doughty             0  0  0   0  0   0  1  1  0  0  0/0    21:43   0:00   2:33 
Dylan Strome             0  0  0   0  0   4  1  0  0  0  7/17   14:40   0:00   0:00 
Gustav Forsling          0  0  0   0  0   1  0  2  0  0  0/0    25:37   0:00   3:22 
Jake Evans               0  0  0   0  0   0  1  0  0  0  1/2     7:56   0:00   2:12 
Jonathan Audy-Marchessau 1  0  1   2  0   8  1  0  0  0  0/0    15:46   0:00   0:00 
Mason McTavish           0  0  0   0  0   0  0  0  0  0  6/8     5:44   0:00   0:00 
Matthew Boldy            1  0  1   2  0   3  0  0  0  0  0/0    15:46   0:00   0:00 
Mikael Backlund          0  2  2   2  0   4  1  0  0  0  14/20  19:29   0:00   3:43 
Nick Bonino              0  0  0   0  0   1  1  0  0  0  0/1    17:52   0:00   3:12 
Nikita Kucherov          1  0  1   1  0   4  0  0  0  0  0/0    17:55   0:00   0:00 
Noah Cates               0  0  0   0  0   1  1  0  0  0  0/0     8:27   0:00   2:43 
Noah Dobson              0  0  0   1  2   0  1  1  0  0  0/0    19:04   0:00   2:04 
Owen Tippett             0  0  0   0  0   4  5  0  0  0  0/2    14:40   0:00   0:00 

Players Stats for LAS VEGAS LIZARD KINGS

Player Name              G  A  P  +/- PIM S  H  SB GA TA FO     MP     PP MP  PK MP  
------------------------------------------------------------------------------------
Brandon Hagel            0  0  0   0  0   5  0  0  0  0  0/1    18:13   2:50   0:00 
Brayden McNabb           0  0  0  -1  0   2  0  1  0  0  0/0    23:39   2:36   0:00 
Dmitry Kulikov           0  0  0  -2  0   0  2  1  0  0  0/0    17:42   0:00   0:00 
Evan Rodrigues           0  0  0   0  0   3  0  0  0  0  0/1    18:42   3:19   0:00 
Jacob Bryson             0  0  0   0  0   0  1  0  0  0  0/0    14:45   0:00   0:00 
Jalen Chatfield          0  0  0  -2  0   1  1  0  0  0  0/0    20:18   2:36   0:00 
Jeff Carter              0  0  0   0  0   1  0  0  0  0  15/22  17:57   2:50   0:00 
Joe Pavelski             0  1  1  -1  0   5  1  0  0  0  0/0    24:16   3:05   0:00 
Johnny Gaudreau          1  0  1  -1  0   3  0  0  0  0  0/1    23:25   3:05   0:00 
Jordan Greenway          0  0  0   0  0   0  0  0  0  0  0/1     6:52   0:00   0:00 
Luke Glendening          0  0  0   0  0   1  0  0  0  0  3/4     6:52   0:00   0:00 
Matt Roy                 0  0  0  -1  0   1  0  3  0  0  0/0    24:22   3:19   0:00 
Patrik Nemeth            0  0  0   0  0   0  1  0  0  0  0/0    15:20   0:00   0:00 
Ryan Nugent-Hopkins      0  1  1  -1  0   3  1  0  0  0  11/28  23:25   3:05   0:00 
Ty Dellandrea            0  0  0  -2  0   1  1  0  0  0  5/14   11:30   0:00   0:00 
Victor Olofsson          0  0  0  -2  0   2  1  0  0  0  0/1    14:20   2:50   0:00 
Vladislav Namestnikov    0  0  0  -2  0   0  1  0  0  0  0/1    11:30   0:00   0:00 
Zemgus Girgensons        0  0  0   0  0   0  0  0  0  0  0/0     6:52   0:00   0:00 

3 Stars

1 - Jonathan Audy-Marchessault (LOS)
2 - Mikael Backlund (LOS)
3 - Carter Hart (LOS)

Power Play

LOS ANGELES SEALS - 0 on 0 Attempt(s) - 0,00%
LAS VEGAS LIZARD KINGS - 1 on 3 Attempt(s) - 33,33%

Penalty Kill

LOS ANGELES SEALS - 2 on 3 Attempt(s) - 66,67% - Score 0 goal in Penalty Kill
LAS VEGAS LIZARD KINGS - 0 on 0 Attempt(s) - 0,00% - Score 0 goal in Penalty Kill

Team Stat

LOS ANGELES SEALS - Hits : 18 - Faceoff Wins : 40 - Blocked Shots : 6 - Penalty Minutes : 6
LAS VEGAS LIZARD KINGS - Hits : 10 - Faceoff Wins : 34 - Blocked Shots : 5 - Penalty Minutes : 0

Official

Referees : Jake Brenk and Francis Charron
Linesman : Tony Sericolo and Steven Walsh

Game Notes

No Game Note

Finance

Level 1 -- Attendance: 5389 (85,95%) -- Ticket Income 1 185 580 $
Level 2 -- Attendance: 4050 (64,08%) -- Ticket Income 607 500 $
Level 3 -- Attendance: 1671 (79,95%) -- Ticket Income 217 230 $
Level 4 -- Attendance: 2940 (68,06%) -- Ticket Income 294 000 $
Luxury Box -- Attendance: 744 (74,40%) -- Ticket Income 297 600 $
Game was played at the Casino Square Garden.
Total Attendance: 14794 (73,97%)
Total Ticket Income: 2 601 910 $
Other Expense: 26 019 $
Total Income: 2 575 891 $

LOS ANGELES SEALS

5 vs 5 Forward 
   Center                   Left Wing                Right Wing               Time % Phy DF OF 
 1 David Krejci             Claude Giroux            Nikita Kucherov          36     0   2  3  
 2 Mikael Backlund          Jonathan Audy-MarchessaulMatthew Boldy            31     0   2  3  
 3 Dylan Strome             Nick Bonino              Owen Tippett             26     0   2  3  
 4 Mason McTavish           Noah Cates               Jake Evans               7      0   4  1  

5 vs 5 Defense 
   Defense                  Defense                                           Time % Phy DF OF 
 1 Drew Doughty             Gustav Forsling                                   36     0   2  3  
 2 Noah Dobson              Ben Chiarot                                       31     0   2  3  
 3 Brandon Carlo            Alex Goligoski                                    23     1   3  1  
 4 Brandon Carlo            Gustav Forsling                                   10     1   3  1  

PowerPlay Forward 
   Center                   Left Wing                Right Wing               Time % Phy DF OF 
 1 Claude Giroux            Matthew Boldy            Nikita Kucherov          55     0   0  5  
 2 David Krejci             Jonathan Audy-MarchessaulMikael Backlund          45     0   0  5  

PowerPlay Defense
   Defense                  Defense                                           Time % Phy DF OF 
 1 Drew Doughty             Noah Dobson                                       55     0   0  5  
 2 Gustav Forsling          Owen Tippett                                      45     0   0  5  

Penalty Kill 4 Players Forward 
   Center                   Wing                     Time % Phy DF OF 
 1 Mikael Backlund          Nick Bonino              55     0   5  0  
 2 Jake Evans               Noah Cates               45     0   5  0  

Penalty Kill 4 Players Defense
   Defense                  Defense                  Time % Phy DF OF 
 1 Brandon Carlo            Gustav Forsling          55     0   5  0  
 2 Drew Doughty             Noah Dobson              45     0   5  0  

Penalty Kill - 3 Players Forward 
   Forward                                           Time % Phy DF OF 
 1 Mikael Backlund                                   55     0   5  0  
 2 Jake Evans                                        45     0   5  0  

Penalty Kill - 3 Players Defense
   Defense                  Defense                  Time % Phy DF OF 
 1 Drew Doughty             Gustav Forsling          55     0   5  0  
 2 Brandon Carlo            Noah Dobson              45     0   5  0  

4 vs 4 Forward 
   Center                   Wing                     Time % Phy DF OF 
 1 Nikita Kucherov          Claude Giroux            55     1   2  2  
 2 David Krejci             Mikael Backlund          45     1   2  2  

4 vs 4 Defense
   Defense                  Defense                  Time % Phy DF OF 
 1 Drew Doughty             Gustav Forsling          55     1   2  2  
 2 Noah Dobson              Brandon Carlo            45     1   2  2  

Last Minutes Offensive
   Center                   Left Wing                Right Wing               Defense                  Defense                  
   Claude Giroux            Nick Bonino              Nikita Kucherov          Drew Doughty             Gustav Forsling          

Last Minutes Defensive
   Center                   Left Wing                Right Wing               Defense                  Defense                  
   Claude Giroux            Nick Bonino              Nikita Kucherov          Drew Doughty             Gustav Forsling          

Goaltenders
Starting : Carter Hart              
Backup : Daniel Vladar            

Extra Forwards
Normal : Matthew Boldy, Owen Tippett, Noah Cates - PP : Matthew Boldy, Owen Tippett - PK : Noah Cates
Extra Defensemen
Normal : Brandon Carlo, Alex Goligoski, Noah Dobson - PP : Brandon Carlo - PK : Alex Goligoski, Noah Dobson
Penalty Shots
Nikita Kucherov, Claude Giroux, David Krejci, Jonathan Audy-Marchessault, Matthew Boldy
Custom OT Lines Forwards
Nikita Kucherov, Claude Giroux, David Krejci, Mikael Backlund, Nick Bonino, Jake Evans, Jonathan Audy-Marchessault, Matthew Boldy, Owen Tippett, Noah Cates
Custom OT Lines Defensemen
Drew Doughty, Gustav Forsling, Noah Dobson, Alex Goligoski, Brandon Carlo

Scratches
Philip Tomasino (Healthy), Connor Brown (Healthy)

LAS VEGAS LIZARD KINGS

5 vs 5 Forward 
   Center                   Left Wing                Right Wing               Time % Phy DF OF 
 1 Ryan Nugent-Hopkins      Johnny Gaudreau          Joe Pavelski             37     0   1  4  
 2 Jeff Carter              Brandon Hagel            Evan Rodrigues           30     0   2  3  
 3 Ty Dellandrea            Vladislav Namestnikov    Victor Olofsson          23     0   3  2  
 4 Luke Glendening          Jordan Greenway          Zemgus Girgensons        10     1   3  1  

5 vs 5 Defense 
   Defense                  Defense                                           Time % Phy DF OF 
 1 Brayden McNabb           Matt Roy                                          45     1   2  2  
 2 Dmitry Kulikov           Jalen Chatfield                                   35     1   2  2  
 3 Patrik Nemeth            Jacob Bryson                                      20     1   3  1  
 4 Brayden McNabb           Matt Roy                                          0      1   2  2  

PowerPlay Forward 
   Center                   Left Wing                Right Wing               Time % Phy DF OF 
 1 Ryan Nugent-Hopkins      Johnny Gaudreau          Joe Pavelski             65     0   0  5  
 2 Jeff Carter              Brandon Hagel            Victor Olofsson          35     0   0  5  

PowerPlay Defense
   Defense                  Defense                                           Time % Phy DF OF 
 1 Evan Rodrigues           Matt Roy                                          55     0   1  4  
 2 Brayden McNabb           Jalen Chatfield                                   45     0   1  4  

Penalty Kill 4 Players Forward 
   Center                   Wing                     Time % Phy DF OF 
 1 Ty Dellandrea            Brandon Hagel            55     1   2  2  
 2 Joe Pavelski             Ryan Nugent-Hopkins      45     1   2  2  

Penalty Kill 4 Players Defense
   Defense                  Defense                  Time % Phy DF OF 
 1 Brayden McNabb           Jacob Bryson             60     1   2  2  
 2 Patrik Nemeth            Dmitry Kulikov           40     1   2  2  

Penalty Kill - 3 Players Forward 
   Forward                                           Time % Phy DF OF 
 1 Zemgus Girgensons                                 55     1   4  0  
 2 Luke Glendening                                   45     1   4  0  

Penalty Kill - 3 Players Defense
   Defense                  Defense                  Time % Phy DF OF 
 1 Brayden McNabb           Jacob Bryson             55     1   4  0  
 2 Dmitry Kulikov           Jalen Chatfield          45     1   4  0  

4 vs 4 Forward 
   Center                   Wing                     Time % Phy DF OF 
 1 Ryan Nugent-Hopkins      Johnny Gaudreau          55     1   2  2  
 2 Jeff Carter              Joe Pavelski             45     1   2  2  

4 vs 4 Defense
   Defense                  Defense                  Time % Phy DF OF 
 1 Brayden McNabb           Matt Roy                 55     1   2  2  
 2 Dmitry Kulikov           Jalen Chatfield          45     1   2  2  

Last Minutes Offensive
   Center                   Left Wing                Right Wing               Defense                  Defense                  
   Ryan Nugent-Hopkins      Johnny Gaudreau          Joe Pavelski             Brayden McNabb           Matt Roy                 

Last Minutes Defensive
   Center                   Left Wing                Right Wing               Defense                  Defense                  
   Ryan Nugent-Hopkins      Vladislav Namestnikov    Joe Pavelski             Brayden McNabb           Matt Roy                 

Goaltenders
Starting : Sergei Bobrovsky         
Backup : Kaapo Kahkonen           

Extra Forwards
Normal : Evan Rodrigues, Victor Olofsson, Joe Pavelski - PP : Brandon Hagel, Ty Dellandrea - PK : Evan Rodrigues
Extra Defensemen
Normal : Brayden McNabb, Dmitry Kulikov, Jacob Bryson - PP : Jalen Chatfield - PK : Brayden McNabb, Jacob Bryson
Penalty Shots
Johnny Gaudreau, Ryan Nugent-Hopkins, Joe Pavelski, Brandon Hagel, Evan Rodrigues
Custom OT Lines Forwards
Johnny Gaudreau, Ryan Nugent-Hopkins, Joe Pavelski, Brandon Hagel, Jeff Carter, Evan Rodrigues, Victor Olofsson, Ty Dellandrea, Vladislav Namestnikov, Jordan Greenway
Custom OT Lines Defensemen
Brayden McNabb, Matt Roy, Dmitry Kulikov, Jacob Bryson, Patrik Nemeth

Scratches
John Marino (Facial Surgery Injury)

% Time on Ice - LOS ANGELES SEALS

Lines # - Real PCT - Wanted PCT - Time Play
Normal Forward
1 - 33% - 36% - 17:55
2 - 29% - 31% - 15:46
3 - 27% - 26% - 14:40
4 - 11% - 7% - 5:44
Normal Defense
1 - 35% - 36% - 19:10
2 - 32% - 31% - 17:13
3 - 27% - 23% - 14:37
4 - 6% - 10% - 3:05
PP Forward
1 - 0% - 55%
2 - 0% - 45%
PP Defense
1 - 0% - 55%
2 - 0% - 45%
PK Forward
1 - 63% - 55% - 3:43
2 - 37% - 45% - 2:12
PK Defense
1 - 57% - 55% - 3:22
2 - 43% - 45% - 2:33
PK3 Forward
1 - 0% - 55%
2 - 0% - 45%
PK3 Defense
1 - 0% - 55%
2 - 0% - 45%
44 Forward
1 - 0% - 55%
2 - 0% - 45%
44 Defense
1 - 0% - 55%
2 - 0% - 45%
Last Minute Offensive  - 0:00
Last Minute Defensive  - 0:00
Total
Forward - 60:00
Defense - 60:00

% Time on Ice - LAS VEGAS LIZARD KINGS

Lines # - Real PCT - Wanted PCT - Time Play
Normal Forward
1 - 38% - 37% - 20:20
2 - 28% - 30% - 15:23
3 - 21% - 23% - 11:30
4 - 13% - 10% - 6:52
Normal Defense
1 - 39% - 45% - 21:03
2 - 33% - 35% - 17:42
3 - 28% - 20% - 15:20
4 - 0% - 0% - 0:00
PP Forward
1 - 52% - 65% - 3:05
2 - 48% - 35% - 2:50
PP Defense
1 - 56% - 55% - 3:19
2 - 44% - 45% - 2:36
PK Forward
1 - 0% - 55%
2 - 0% - 45%
PK Defense
1 - 0% - 60%
2 - 0% - 40%
PK3 Forward
1 - 0% - 55%
2 - 0% - 45%
PK3 Defense
1 - 0% - 55%
2 - 0% - 45%
44 Forward
1 - 0% - 55%
2 - 0% - 45%
44 Defense
1 - 0% - 55%
2 - 0% - 45%
Last Minute Offensive  - 0:00
Last Minute Defensive  - 0:00
Total
Forward - 60:00
Defense - 60:00

Play-by-Play

1st period


0:01 of 1st period - Ryan Nugent-Hopkins wins face-off versus David Krejci in neutral zone.
0:20 of 1st period - Shot by Ryan Nugent-Hopkins.
0:20 of 1st period - Stopped by Carter Hart without a rebound.
0:21 of 1st period - Mikael Backlund wins face-off versus Jeff Carter in LOS ANGELES SEALS zone.
0:23 of 1st period - Icing by Noah Dobson.
0:24 of 1st period - Ty Dellandrea wins face-off versus Mikael Backlund in LOS ANGELES SEALS zone.
0:43 of 1st period - Shot by Ty Dellandrea.
0:43 of 1st period - Stopped by Carter Hart without a rebound.
0:44 of 1st period - Jeff Carter wins face-off versus Dylan Strome in LOS ANGELES SEALS zone.
0:47 of 1st period - Shot by Brandon Hagel.
0:47 of 1st period - Stopped by Carter Hart with a rebound.
0:53 of 1st period - Shot by Jeff Carter.
0:53 of 1st period - Shot Misses the Net.
1:00 of 1st period - Icing by Nick Bonino.
1:01 of 1st period - Luke Glendening wins face-off versus Dylan Strome in LOS ANGELES SEALS zone.
1:05 of 1st period - Minor Penalty to Brandon Carlo for Tripping.
1:06 of 1st period - Mikael Backlund wins face-off versus Ryan Nugent-Hopkins in LOS ANGELES SEALS zone.
1:53 of 1st period - Shot by Joe Pavelski.
1:53 of 1st period - Stopped by Carter Hart without a rebound.
1:54 of 1st period - Jeff Carter wins face-off versus Nick Bonino in LOS ANGELES SEALS zone.
3:33 of 1st period - Nikita Kucherov is hit by Patrik Nemeth and loses puck.
3:43 of 1st period - Claude Giroux is hit by Jacob Bryson.
5:02 of 1st period - Icing by Drew Doughty.
5:03 of 1st period - Jeff Carter wins face-off versus Mason McTavish in LOS ANGELES SEALS zone.
5:20 of 1st period - Shot by Matthew Boldy.
5:20 of 1st period - Shot Misses the Net.
5:22 of 1st period - Shot by Alex Goligoski.
5:22 of 1st period - Shot Hit the Post.
5:24 of 1st period - Shot by Mikael Backlund.
5:24 of 1st period - Stopped by Sergei Bobrovsky without a rebound.
5:25 of 1st period - Ryan Nugent-Hopkins wins face-off versus Dylan Strome in LAS VEGAS LIZARD KINGS zone.
5:30 of 1st period - Shot by Owen Tippett.
5:30 of 1st period - Stopped by Sergei Bobrovsky without a rebound.
5:31 of 1st period - Ryan Nugent-Hopkins wins face-off versus Mikael Backlund in LAS VEGAS LIZARD KINGS zone.
5:31 of 1st period - Ryan Nugent-Hopkins is hit by Jonathan Audy-Marchessault.
5:39 of 1st period - Shot by Joe Pavelski.
5:39 of 1st period - Stopped by Carter Hart with a rebound.
5:41 of 1st period - Shot by Brayden McNabb.
5:41 of 1st period - Stopped by Carter Hart with a rebound.
6:34 of 1st period - Off-side.
6:35 of 1st period - Dylan Strome wins face-off versus Ty Dellandrea in neutral zone.
6:38 of 1st period - Ty Dellandrea is hit by Nick Bonino and loses puck.
7:03 of 1st period - Shot by Owen Tippett.
7:03 of 1st period - Shot Misses the Net.
7:05 of 1st period - Shot by Ben Chiarot.
7:05 of 1st period - Shot Misses the Net.
7:07 of 1st period - Shot by Dylan Strome.
7:07 of 1st period - Shot Misses the Net.
7:09 of 1st period - Shot by Owen Tippett.
7:09 of 1st period - Stopped by Sergei Bobrovsky without a rebound.
7:10 of 1st period - Jeff Carter wins face-off versus David Krejci in LAS VEGAS LIZARD KINGS zone.
7:43 of 1st period - Icing by Brandon Hagel.
7:44 of 1st period - Jeff Carter wins face-off versus Dylan Strome in LAS VEGAS LIZARD KINGS zone.
8:19 of 1st period - Minor Penalty to Noah Dobson for Roughing.
8:20 of 1st period - Ryan Nugent-Hopkins wins face-off versus Jake Evans in LOS ANGELES SEALS zone.
9:37 of 1st period - Shot by Brandon Hagel.
9:37 of 1st period - Shot Misses the Net.
10:06 of 1st period - Icing by Joe Pavelski.
10:07 of 1st period - Ryan Nugent-Hopkins wins face-off versus Mikael Backlund in LAS VEGAS LIZARD KINGS zone.
10:16 of 1st period - Shot by Johnny Gaudreau.
10:16 of 1st period - Goal by Johnny Gaudreau - LOS ANGELES SEALS : 0 - LAS VEGAS LIZARD KINGS : 1.
10:17 of 1st period - David Krejci wins face-off versus Luke Glendening in neutral zone.
10:26 of 1st period - Shot by Claude Giroux.
10:26 of 1st period - Stopped by Sergei Bobrovsky with a rebound.
10:28 of 1st period - Shot by Nikita Kucherov.
10:28 of 1st period - Stopped by Sergei Bobrovsky without a rebound.
10:29 of 1st period - Mikael Backlund wins face-off versus Ryan Nugent-Hopkins in LAS VEGAS LIZARD KINGS zone.
12:00 of 1st period - Shot by Claude Giroux.
12:00 of 1st period - Stopped by Sergei Bobrovsky without a rebound.
12:01 of 1st period - Dylan Strome wins face-off versus Jeff Carter in LAS VEGAS LIZARD KINGS zone.
12:14 of 1st period - Shot by Owen Tippett.
12:14 of 1st period - Deflect By Dylan Strome.
12:14 of 1st period - Shot Misses the Net.
12:24 of 1st period - Shot by Dylan Strome.
12:24 of 1st period - Stopped by Sergei Bobrovsky with a rebound.
14:47 of 1st period - Shot by Matthew Boldy.
14:47 of 1st period - Shot Misses the Net.
14:49 of 1st period - Shot by Mikael Backlund.
14:49 of 1st period - Stopped by Sergei Bobrovsky without a rebound.
14:50 of 1st period - Ty Dellandrea wins face-off versus Owen Tippett in LAS VEGAS LIZARD KINGS zone.
15:04 of 1st period - Dmitry Kulikov is hit by Owen Tippett and loses puck.
15:11 of 1st period - Shot by Dylan Strome.
15:11 of 1st period - Stopped by Sergei Bobrovsky with a rebound.
15:13 of 1st period - Shot by Nick Bonino.
15:13 of 1st period - Shot Blocked by Dmitry Kulikov.
15:18 of 1st period - Owen Tippett is hit by Jalen Chatfield and loses puck.
15:43 of 1st period - Noah Cates is hit by Ty Dellandrea and loses puck.
17:01 of 1st period - Shot by Ryan Nugent-Hopkins.
17:01 of 1st period - Deflect By Joe Pavelski.
17:01 of 1st period - Stopped by Carter Hart with a rebound.
17:37 of 1st period - Shot by Matthew Boldy.
17:37 of 1st period - Shot Blocked by Matt Roy.
17:39 of 1st period - Shot by Jonathan Audy-Marchessault.
17:39 of 1st period - Shot Blocked by Matt Roy.
18:10 of 1st period - Shot by Jonathan Audy-Marchessault.
18:10 of 1st period - Stopped by Sergei Bobrovsky with a rebound.
18:12 of 1st period - Shot by Mikael Backlund.
18:12 of 1st period - Shot Misses the Net.
18:14 of 1st period - Shot by Brandon Carlo.
18:14 of 1st period - Stopped by Sergei Bobrovsky without a rebound.
18:15 of 1st period - Dylan Strome wins face-off versus Jordan Greenway in LAS VEGAS LIZARD KINGS zone.
18:39 of 1st period - Shot by Luke Glendening.
18:39 of 1st period - Shot Misses the Net.
18:41 of 1st period - Shot by Jalen Chatfield.
18:41 of 1st period - Stopped by Carter Hart without a rebound.
18:42 of 1st period - Mason McTavish wins face-off versus Ty Dellandrea in LOS ANGELES SEALS zone.
19:20 of 1st period - Jacob Bryson is hit by Jake Evans and loses puck.
19:32 of 1st period - Icing by Brandon Carlo.
19:33 of 1st period - Mason McTavish wins face-off versus Jeff Carter in LOS ANGELES SEALS zone.
19:43 of 1st period - Icing by Brandon Hagel.
19:44 of 1st period - Jeff Carter wins face-off versus David Krejci in LAS VEGAS LIZARD KINGS zone.
Goals for this period are 0 for LOS ANGELES SEALS vs 1 for LAS VEGAS LIZARD KINGS.
Shots for this period are 11 for LOS ANGELES SEALS vs 9 for LAS VEGAS LIZARD KINGS.

2nd period


0:01 of 2nd period - Ryan Nugent-Hopkins wins face-off versus Mikael Backlund in neutral zone.
0:18 of 2nd period - Shot by Matthew Boldy.
0:18 of 2nd period - Stopped by Sergei Bobrovsky with a rebound.
0:20 of 2nd period - Shot by Mikael Backlund.
0:20 of 2nd period - Shot Misses the Net.
0:24 of 2nd period - Shot by Jonathan Audy-Marchessault.
0:24 of 2nd period - Shot Misses the Net.
0:26 of 2nd period - Shot by Matthew Boldy.
0:26 of 2nd period - Stopped by Sergei Bobrovsky without a rebound.
0:27 of 2nd period - Jeff Carter wins face-off versus David Krejci in LAS VEGAS LIZARD KINGS zone.
0:34 of 2nd period - Shot by Evan Rodrigues.
0:34 of 2nd period - Deflect By Brandon Hagel.
0:34 of 2nd period - Stopped by Carter Hart without a rebound.
0:35 of 2nd period - David Krejci wins face-off versus Ty Dellandrea in LOS ANGELES SEALS zone.
0:43 of 2nd period - Nikita Kucherov is hit by Dmitry Kulikov.
0:58 of 2nd period - Icing by Jalen Chatfield.
0:59 of 2nd period - Mikael Backlund wins face-off versus Vladislav Namestnikov in LAS VEGAS LIZARD KINGS zone.
1:00 of 2nd period - Shot by Jonathan Audy-Marchessault.
1:00 of 2nd period - Goal by Jonathan Audy-Marchessault - LOS ANGELES SEALS : 1 - LAS VEGAS LIZARD KINGS : 1.
1:01 of 2nd period - Mikael Backlund wins face-off versus Ryan Nugent-Hopkins in neutral zone.
1:44 of 2nd period - Shot by Ryan Nugent-Hopkins.
1:44 of 2nd period - Stopped by Carter Hart without a rebound.
1:45 of 2nd period - David Krejci wins face-off versus Jeff Carter in LOS ANGELES SEALS zone.
2:10 of 2nd period - Shot by Brandon Hagel.
2:10 of 2nd period - Stopped by Carter Hart with a rebound.
2:18 of 2nd period - Shot by Evan Rodrigues.
2:18 of 2nd period - Stopped by Carter Hart without a rebound.
2:19 of 2nd period - Ty Dellandrea wins face-off versus Owen Tippett in LOS ANGELES SEALS zone.
2:19 of 2nd period - Ty Dellandrea is hit by Ben Chiarot.
2:22 of 2nd period - Vladislav Namestnikov is hit by Noah Dobson and loses puck.
2:35 of 2nd period - Shot by Owen Tippett.
2:35 of 2nd period - Stopped by Sergei Bobrovsky without a rebound.
2:36 of 2nd period - Ryan Nugent-Hopkins wins face-off versus Mikael Backlund in LAS VEGAS LIZARD KINGS zone.
2:51 of 2nd period - Shot by Johnny Gaudreau.
2:51 of 2nd period - Stopped by Carter Hart with a rebound.
2:53 of 2nd period - Shot by Ryan Nugent-Hopkins.
2:53 of 2nd period - Stopped by Carter Hart with a rebound.
3:11 of 2nd period - Shot by Johnny Gaudreau.
3:11 of 2nd period - Deflect By Ryan Nugent-Hopkins.
3:11 of 2nd period - Shot Misses the Net.
3:14 of 2nd period - Johnny Gaudreau is hit by Brandon Carlo and loses puck.
3:40 of 2nd period - Icing by Matt Roy.
3:41 of 2nd period - Dylan Strome wins face-off versus Ryan Nugent-Hopkins in LAS VEGAS LIZARD KINGS zone.
4:28 of 2nd period - Shot by Nick Bonino.
4:28 of 2nd period - Shot Misses the Net.
4:46 of 2nd period - Icing by Nikita Kucherov.
4:47 of 2nd period - David Krejci wins face-off versus Ty Dellandrea in LOS ANGELES SEALS zone.
5:50 of 2nd period - Shot by Jonathan Audy-Marchessault.
5:50 of 2nd period - Stopped by Sergei Bobrovsky with a rebound.
5:56 of 2nd period - Shot by Mikael Backlund.
5:56 of 2nd period - Shot Misses the Net.
5:58 of 2nd period - Shot by Alex Goligoski.
5:58 of 2nd period - Shot Misses the Net.
6:00 of 2nd period - Shot by Brandon Carlo.
6:00 of 2nd period - Stopped by Sergei Bobrovsky without a rebound.
6:01 of 2nd period - Jeff Carter wins face-off versus Dylan Strome in LAS VEGAS LIZARD KINGS zone.
6:01 of 2nd period - Jeff Carter is hit by Owen Tippett.
6:13 of 2nd period - Brandon Hagel is hit by Owen Tippett and loses puck.
6:38 of 2nd period - Shot by Dylan Strome.
6:38 of 2nd period - Stopped by Sergei Bobrovsky without a rebound.
6:39 of 2nd period - David Krejci wins face-off versus Ryan Nugent-Hopkins in LAS VEGAS LIZARD KINGS zone.
8:00 of 2nd period - Shot by Jonathan Audy-Marchessault.
8:00 of 2nd period - Stopped by Sergei Bobrovsky without a rebound.
8:01 of 2nd period - Jeff Carter wins face-off versus Dylan Strome in LAS VEGAS LIZARD KINGS zone.
8:16 of 2nd period - Shot by Evan Rodrigues.
8:16 of 2nd period - Stopped by Carter Hart without a rebound.
8:17 of 2nd period - Mason McTavish wins face-off versus Ty Dellandrea in LOS ANGELES SEALS zone.
8:17 of 2nd period - Mason McTavish is hit by Victor Olofsson.
8:20 of 2nd period - Icing by Drew Doughty.
8:21 of 2nd period - Jeff Carter wins face-off versus Mason McTavish in LOS ANGELES SEALS zone.
8:35 of 2nd period - Icing by Dmitry Kulikov.
8:36 of 2nd period - Jeff Carter wins face-off versus David Krejci in LAS VEGAS LIZARD KINGS zone.
8:45 of 2nd period - Shot by Brandon Hagel.
8:45 of 2nd period - Shot Blocked by Noah Dobson.
8:52 of 2nd period - Icing by Claude Giroux.
8:53 of 2nd period - David Krejci wins face-off versus Ryan Nugent-Hopkins in LOS ANGELES SEALS zone.
8:53 of 2nd period - Nikita Kucherov is hit by Ryan Nugent-Hopkins and loses puck.
9:17 of 2nd period - Off-side.
9:18 of 2nd period - Mikael Backlund wins face-off versus Jeff Carter in neutral zone.
9:48 of 2nd period - Shot by Brandon Hagel.
9:48 of 2nd period - Shot Misses the Net.
9:50 of 2nd period - Shot by Jalen Chatfield.
9:50 of 2nd period - Shot Blocked by Gustav Forsling.
10:17 of 2nd period - Icing by Matthew Boldy.
10:18 of 2nd period - Mikael Backlund wins face-off versus Ryan Nugent-Hopkins in LOS ANGELES SEALS zone.
10:40 of 2nd period - Brayden McNabb is hit by Owen Tippett and loses puck.
10:52 of 2nd period - Icing by Brayden McNabb.
10:53 of 2nd period - Ryan Nugent-Hopkins wins face-off versus David Krejci in LAS VEGAS LIZARD KINGS zone.
11:07 of 2nd period - Icing by Brayden McNabb.
11:08 of 2nd period - Dylan Strome wins face-off versus Johnny Gaudreau in LAS VEGAS LIZARD KINGS zone.
11:23 of 2nd period - Shot by Johnny Gaudreau.
11:23 of 2nd period - Stopped by Carter Hart without a rebound.
11:24 of 2nd period - David Krejci wins face-off versus Victor Olofsson in LOS ANGELES SEALS zone.
11:38 of 2nd period - Vladislav Namestnikov is hit by Brandon Carlo and loses puck.
11:47 of 2nd period - Shot by Victor Olofsson.
11:47 of 2nd period - Shot Misses the Net.
12:31 of 2nd period - Shot by Nick Bonino.
12:31 of 2nd period - Stopped by Sergei Bobrovsky without a rebound.
12:32 of 2nd period - Mikael Backlund wins face-off versus Ryan Nugent-Hopkins in LAS VEGAS LIZARD KINGS zone.
12:33 of 2nd period - Shot by Drew Doughty.
12:33 of 2nd period - Shot Misses the Net.
12:54 of 2nd period - Shot by Matthew Boldy.
12:54 of 2nd period - Deflect By Jonathan Audy-Marchessault.
12:54 of 2nd period - Stopped by Sergei Bobrovsky with a rebound.
12:56 of 2nd period - Shot by Gustav Forsling.
12:56 of 2nd period - Stopped by Sergei Bobrovsky with a rebound.
13:00 of 2nd period - Shot by Jonathan Audy-Marchessault.
13:00 of 2nd period - Stopped by Sergei Bobrovsky with a rebound.
13:02 of 2nd period - Shot by Mikael Backlund.
13:02 of 2nd period - Stopped by Sergei Bobrovsky with a rebound.
13:21 of 2nd period - Shot by Mikael Backlund.
13:21 of 2nd period - Stopped by Sergei Bobrovsky with a rebound.
13:59 of 2nd period - Shot by Evan Rodrigues.
13:59 of 2nd period - Shot Misses the Net.
14:01 of 2nd period - Shot by Brandon Hagel.
14:01 of 2nd period - Shot Misses the Net.
14:03 of 2nd period - Shot by Brandon Hagel.
14:03 of 2nd period - Shot Misses the Net.
14:05 of 2nd period - Shot by Evan Rodrigues.
14:05 of 2nd period - Shot Misses the Net.
14:12 of 2nd period - Icing by Ben Chiarot.
14:13 of 2nd period - Ty Dellandrea wins face-off versus Dylan Strome in LOS ANGELES SEALS zone.
14:56 of 2nd period - Off-side.
14:57 of 2nd period - Ryan Nugent-Hopkins wins face-off versus David Krejci in neutral zone.
15:13 of 2nd period - Claude Giroux is hit by Joe Pavelski and loses puck.
15:22 of 2nd period - Shot by Ryan Nugent-Hopkins.
15:22 of 2nd period - Deflect By Joe Pavelski.
15:22 of 2nd period - Stopped by Carter Hart without a rebound.
15:22 of 2nd period - Minor Penalty to Carter Hart for Slashing.
15:23 of 2nd period - Jake Evans wins face-off versus Jeff Carter in LOS ANGELES SEALS zone.
15:43 of 2nd period - Shot by Evan Rodrigues.
15:43 of 2nd period - Shot Blocked by Gustav Forsling.
15:45 of 2nd period - Shot by Matt Roy.
15:45 of 2nd period - Stopped by Carter Hart with a rebound.
15:51 of 2nd period - Shot by Brandon Hagel.
15:51 of 2nd period - Shot Misses the Net.
16:22 of 2nd period - Shot by Johnny Gaudreau.
16:22 of 2nd period - Shot Blocked by Drew Doughty.
17:00 of 2nd period - Jeff Carter is hit by Mikael Backlund.
17:45 of 2nd period - Shot by Claude Giroux.
17:45 of 2nd period - Stopped by Sergei Bobrovsky without a rebound.
17:46 of 2nd period - Mason McTavish wins face-off versus Ryan Nugent-Hopkins in LAS VEGAS LIZARD KINGS zone.
17:47 of 2nd period - Shot by Noah Cates.
17:47 of 2nd period - Stopped by Sergei Bobrovsky without a rebound.
17:48 of 2nd period - Mason McTavish wins face-off versus Ryan Nugent-Hopkins in LAS VEGAS LIZARD KINGS zone.
18:27 of 2nd period - Shot by Ryan Nugent-Hopkins.
18:27 of 2nd period - Shot Misses the Net.
18:55 of 2nd period - Shot by Nikita Kucherov.
18:55 of 2nd period - Stopped by Sergei Bobrovsky without a rebound.
18:56 of 2nd period - Jeff Carter wins face-off versus David Krejci in LAS VEGAS LIZARD KINGS zone.
19:01 of 2nd period - Shot by Nikita Kucherov.
19:01 of 2nd period - Stopped by Sergei Bobrovsky without a rebound.
19:02 of 2nd period - Jeff Carter wins face-off versus David Krejci in LAS VEGAS LIZARD KINGS zone.
19:23 of 2nd period - Shot by Jeff Carter.
19:23 of 2nd period - Shot Misses the Net.
19:25 of 2nd period - Shot by Brandon Hagel.
19:25 of 2nd period - Stopped by Carter Hart without a rebound.
19:26 of 2nd period - Mikael Backlund wins face-off versus Ryan Nugent-Hopkins in LOS ANGELES SEALS zone.
19:44 of 2nd period - Shot by Matthew Boldy.
19:44 of 2nd period - Goal by Matthew Boldy - LOS ANGELES SEALS : 2 - LAS VEGAS LIZARD KINGS : 1.
19:45 of 2nd period - David Krejci wins face-off versus Ty Dellandrea in neutral zone.
19:48 of 2nd period - Shot by Nikita Kucherov.
19:48 of 2nd period - Goal by Nikita Kucherov - LOS ANGELES SEALS : 3 - LAS VEGAS LIZARD KINGS : 1.
19:49 of 2nd period - Mikael Backlund wins face-off versus Ryan Nugent-Hopkins in neutral zone.
Goals for this period are 3 for LOS ANGELES SEALS vs 0 for LAS VEGAS LIZARD KINGS.
Shots for this period are 20 for LOS ANGELES SEALS vs 11 for LAS VEGAS LIZARD KINGS.

3rd period


0:01 of 3rd period - Mikael Backlund wins face-off versus Ryan Nugent-Hopkins in neutral zone.
0:50 of 3rd period - Icing by Matt Roy.
0:51 of 3rd period - David Krejci wins face-off versus Ryan Nugent-Hopkins in LAS VEGAS LIZARD KINGS zone.
1:00 of 3rd period - Shot by Nikita Kucherov.
1:00 of 3rd period - Deflect By Claude Giroux.
1:00 of 3rd period - Shot Blocked by Brayden McNabb.
1:13 of 3rd period - Off-side.
1:14 of 3rd period - Dylan Strome wins face-off versus Evan Rodrigues in neutral zone.
1:19 of 3rd period - Shot by Dylan Strome.
1:19 of 3rd period - Stopped by Sergei Bobrovsky without a rebound.
1:20 of 3rd period - David Krejci wins face-off versus Ty Dellandrea in LAS VEGAS LIZARD KINGS zone.
1:29 of 3rd period - Shot by Victor Olofsson.
1:29 of 3rd period - Shot Misses the Net.
2:45 of 3rd period - Shot by Owen Tippett.
2:45 of 3rd period - Stopped by Sergei Bobrovsky without a rebound.
2:46 of 3rd period - Mikael Backlund wins face-off versus Ryan Nugent-Hopkins in LAS VEGAS LIZARD KINGS zone.
3:25 of 3rd period - Shot by Joe Pavelski.
3:25 of 3rd period - Shot Blocked by Ben Chiarot.
3:46 of 3rd period - Off-side.
3:47 of 3rd period - Jeff Carter wins face-off versus David Krejci in neutral zone.
5:16 of 3rd period - Off-side.
5:17 of 3rd period - Dylan Strome wins face-off versus Ryan Nugent-Hopkins in neutral zone.
5:25 of 3rd period - Shot by Johnny Gaudreau.
5:25 of 3rd period - Deflect By Joe Pavelski.
5:25 of 3rd period - Shot Misses the Net.
5:53 of 3rd period - Shot by Johnny Gaudreau.
5:53 of 3rd period - Shot Misses the Net.
6:41 of 3rd period - Shot by Luke Glendening.
6:41 of 3rd period - Shot Misses the Net.
7:12 of 3rd period - Icing by Dmitry Kulikov.
7:13 of 3rd period - Mikael Backlund wins face-off versus Ty Dellandrea in LAS VEGAS LIZARD KINGS zone.
7:23 of 3rd period - Matthew Boldy is hit by Dmitry Kulikov and loses puck.
7:48 of 3rd period - Shot by Jeff Carter.
7:48 of 3rd period - Stopped by Carter Hart with a rebound.
7:50 of 3rd period - Shot by Jeff Carter.
7:50 of 3rd period - Shot Misses the Net.
7:52 of 3rd period - Shot by Brayden McNabb.
7:52 of 3rd period - Deflect By Evan Rodrigues.
7:52 of 3rd period - Shot Misses the Net.
7:54 of 3rd period - Shot by Brayden McNabb.
7:54 of 3rd period - Stopped by Carter Hart without a rebound.
7:55 of 3rd period - Ryan Nugent-Hopkins wins face-off versus David Krejci in LOS ANGELES SEALS zone.
7:55 of 3rd period - Ryan Nugent-Hopkins is hit by Drew Doughty.
8:10 of 3rd period - Shot by Claude Giroux.
8:10 of 3rd period - Stopped by Sergei Bobrovsky without a rebound.
8:11 of 3rd period - Mason McTavish wins face-off versus Brandon Hagel in LAS VEGAS LIZARD KINGS zone.
8:50 of 3rd period - Brandon Hagel is hit by Noah Cates and loses puck.
9:39 of 3rd period - Shot by Joe Pavelski.
9:39 of 3rd period - Stopped by Carter Hart without a rebound.
9:40 of 3rd period - David Krejci wins face-off versus Ty Dellandrea in LOS ANGELES SEALS zone.
9:40 of 3rd period - Nikita Kucherov is hit by Vladislav Namestnikov and loses puck.
9:49 of 3rd period - Shot by Victor Olofsson.
9:49 of 3rd period - Stopped by Carter Hart without a rebound.
9:50 of 3rd period - Luke Glendening wins face-off versus David Krejci in LOS ANGELES SEALS zone.
10:11 of 3rd period - Shot by Zemgus Girgensons.
10:11 of 3rd period - Shot Misses the Net.
11:19 of 3rd period - Shot by Jonathan Audy-Marchessault.
11:19 of 3rd period - Stopped by Sergei Bobrovsky without a rebound.
11:20 of 3rd period - Ryan Nugent-Hopkins wins face-off versus Dylan Strome in LAS VEGAS LIZARD KINGS zone.
11:20 of 3rd period - Ryan Nugent-Hopkins is hit by Dylan Strome.
11:44 of 3rd period - Ryan Nugent-Hopkins is hit by Alex Goligoski and loses puck.
11:55 of 3rd period - Shot by Ryan Nugent-Hopkins.
11:55 of 3rd period - Shot Misses the Net.
12:02 of 3rd period - Johnny Gaudreau is hit by Alex Goligoski and loses puck.
12:23 of 3rd period - Icing by Joe Pavelski.
12:24 of 3rd period - Mikael Backlund wins face-off versus Ryan Nugent-Hopkins in LAS VEGAS LIZARD KINGS zone.
12:54 of 3rd period - Shot by Jonathan Audy-Marchessault.
12:54 of 3rd period - Stopped by Sergei Bobrovsky without a rebound.
12:55 of 3rd period - David Krejci wins face-off versus Jeff Carter in LAS VEGAS LIZARD KINGS zone.
13:14 of 3rd period - Shot by Brandon Hagel.
13:14 of 3rd period - Stopped by Carter Hart without a rebound.
13:15 of 3rd period - Ty Dellandrea wins face-off versus Dylan Strome in LOS ANGELES SEALS zone.
13:26 of 3rd period - Shot by Victor Olofsson.
13:26 of 3rd period - Shot Misses the Net.
16:27 of 3rd period - Shot by Jonathan Audy-Marchessault.
16:27 of 3rd period - Shot Misses the Net.
16:29 of 3rd period - Shot by Alex Goligoski.
16:29 of 3rd period - Shot Misses the Net.
16:31 of 3rd period - Shot by Matthew Boldy.
16:31 of 3rd period - Shot Misses the Net.
16:33 of 3rd period - Shot by Mikael Backlund.
16:33 of 3rd period - Shot Misses the Net.
16:35 of 3rd period - Shot by Matthew Boldy.
16:35 of 3rd period - Shot Misses the Net.
16:37 of 3rd period - Shot by Matthew Boldy.
16:37 of 3rd period - Shot Blocked by Matt Roy.
18:05 of 3rd period - Icing by Brandon Carlo.
18:06 of 3rd period - Jeff Carter wins face-off versus Dylan Strome in LOS ANGELES SEALS zone.
18:09 of 3rd period - Shot by Evan Rodrigues.
18:09 of 3rd period - Stopped by Carter Hart with a rebound.
18:13 of 3rd period - Shot by Brandon Hagel.
18:13 of 3rd period - Shot Blocked by Alex Goligoski.
18:15 of 3rd period - Shot by Evan Rodrigues.
18:15 of 3rd period - Shot Misses the Net.
18:23 of 3rd period - Brandon Hagel is hit by Owen Tippett.
19:20 of 3rd period - Shot by Vladislav Namestnikov.
19:20 of 3rd period - Deflect By Victor Olofsson.
19:20 of 3rd period - Stopped by Carter Hart without a rebound.
19:21 of 3rd period - Luke Glendening wins face-off versus Mikael Backlund in LOS ANGELES SEALS zone.
19:28 of 3rd period - Shot by Luke Glendening.
19:28 of 3rd period - Stopped by Carter Hart with a rebound.
Goals for this period are 0 for LOS ANGELES SEALS vs 0 for LAS VEGAS LIZARD KINGS.
Shots for this period are 5 for LOS ANGELES SEALS vs 8 for LAS VEGAS LIZARD KINGS.


BLAKE
WHEELER
STEVEN
STAMKOS
DREW
DOUGHTY

EAST COAST

HOCKEY LEAGUE

  • 63.RHI2PIT5
  • 64.WOR4ATL3
  • 65.QUECHW
  • 66.CHATRV